 Dungeon Crawl Stone Soup version 0.14-a0-1499-g388a102 (webtiles) character file.

1613 Mitsuki the Firebug (level 8, -1/45 HPs)
             Began as a Gargoyle Fire Elementalist on Dec 14, 2013.
             Was a Believer of Vehumet.
             Slain by a centaur (6 damage)
             ... on Level 5 of the Dungeon on Dec 15, 2013.
             The game lasted 01:09:58 (8067 turns).

Mitsuki the Firebug (Gargoyle Fire Elementalist)    Turns: 8067, Time: 01:09:58

HP  -1/45        AC 12     Str 12      XL: 8   Next: 66%
MP  11/30        EV 12     Int 20      God: Vehumet [**....]
Gold 236         SH  0     Dex 10      Spells:  6 memorised,  2 levels left

rFire  . . .     SeeInvis .     m - +2,+1 dagger (venom)
rCold  . . .     Clarity  .     f - +1 orc robe {MR+}
rNeg   + . .     Conserve .     (no shield)
rPois  +         rCorr    .     (no helmet)
rElec  +         rRot     +     A - +1 cloak
SustAb . .       Spirit   .     t - +0 pair of gloves
rMut   .         Warding  .     i - +0 pair of boots
Saprov . . .     Stasis   .     (no amulet)
                                j - ring of magical power
                                k - +2 ring of intelligence

@: very slightly contaminated, somewhat resistant to hostile enchantments,
fairly stealthy
A: rugged brown scales 1, deformed body, life protection 1, electricity
resistance, unbreathing, petrification resistance, AC +5
a: Renounce Religion


You were on level 5 of the Dungeon.
You worshipped Vehumet.
Vehumet was pleased with you.
You were not hungry.

You visited 2 branches of the dungeon, and saw 7 of its levels.

You collected 236 gold pieces.

Inventory:

Hand weapons
 m - a +2,+1 dagger of venom (weapon)
 B - a +3,+2 elven falchion
Armour
 f - a +1 orcish robe of magic resistance (worn)
 i - a +0 pair of boots (worn)
 t - a +0 pair of gloves (worn)
 A - a +1 cloak (worn)
Magical devices
 n - a wand of random effects (13)
 p - a wand of teleportation (0)
 w - a wand of digging (11)
 y - a wand of confusion (3) {unknown}
Comestibles
 c - 12 grapes
 r - a bread ration
Scrolls
 g - a scroll of identify
 q - a scroll of enchant armour
 x - a scroll of magic mapping
 z - 3 scrolls of enchant weapon II {unknown}
Jewellery
 d - an uncursed ring of sustenance
 j - a ring of magical power (right hand)
 k - a +2 ring of intelligence (left hand)
 l - an uncursed ring of poison resistance {unknown}
 s - an uncursed ring of protection from magic {unknown}
 u - an uncursed ring of positive energy {unknown}
Potions
 a - a potion of blood
 e - a potion of might
 h - a potion of magic
 o - a potion of curing
 v - a potion of brilliance {unknown}
Books
 b - a book of Flames

   Spells                             Type                      Level
   *Flame Tongue                      Conjuration/Fire             1
   *Throw Flame                       Conjuration/Fire             2
   *Conjure Flame                     Conjuration/Fire             3
   Inner Flame                        Hexes/Fire                   3
   *Sticky Flame                      Conjuration/Fire             4
   *Fireball                          Conjuration/Fire             5


   Skills:
 - Level 2.0 Fighting
 - Level 1.5 Dodging
 - Level 2.1 Stealth
 + Level 5.9 Spellcasting
 + Level 6.0 Conjurations
 + Level 6.5 Fire Magic
 - Level 0.2 Evocations


You had 2 spell levels left.
You knew the following spells:

 Your Spells              Type           Power        Failure   Level  Hunger
a - Flame Tongue          Conj/Fire      ####.        1%          1    None
b - Throw Flame           Conj/Fire      ####..       1%          2    None
c - Conjure Flame         Conj/Fire      ####....     2%          3    ##.....
d - Sticky Flame          Conj/Fire      ####....     10%         4    ####...
f - Fireball              Conj/Fire      ####......   24%         5    #####..
g - Magic Dart            Conj           ####         1%          1    None


Dungeon Overview and Level Annotations

Branches:
Dungeon (6/16)             Temple (1/1) D:4

Altars:
Ashenzari
Cheibriados
Elyvilon
Fedhas
Kikubaaqudgha
Makhleb
Nemelex Xobeh
Okawaru
Sif Muna
Trog
Vehumet
Xom
Yredelemnul
Zin
the Shining One

Annotations:
D:3 1 exclusion


Innate Abilities, Weirdness & Mutations

You are resistant to torment.
You are immune to poison.
Your stone body is very resilient (AC +5).
You resist negative energy.
You are resistant to electric shocks.
You can survive without breathing.
You are immune to petrification.
You are partially covered in rugged brown scales (AC +1, +3% HP).
Armour fits poorly on your strangely shaped body.


Message History

You see here an arrow.
The centaur shoots an arrow.
The arrow hits you!
* * * LOW HITPOINT WARNING * * *
You see here an arrow.
The centaur shoots an arrow.
The arrow misses you.
You see here an arrow.
Drink which item? (? for menu, Esc to quit)
Okay, then.
The centaur unwields an uncursed bow.
The centaur hits you.
* * * LOW HITPOINT WARNING * * *
The centaur barely misses you. The centaur misses you.
The centaur hits you but does no damage.
The centaur barely misses you.
There is a stone staircase leading up here.
The centaur hits you but does no damage.
You climb upwards.
There is a stone staircase leading down here.
The centaur hits you.
You die...

.##.........................#
.##........................##
###
.###.#(.....(............##.#
#..
..####....................#.#
#..
#####....................####
#).
##..#............(.......#
###
#...#.#......=......##..##
##.#.#......)c......#.###
##.###.....>#@......#.#
##.###....###.##....##
###..###.# #.#.##### ###..###
##### ####


You could see a centaur.

Vanquished Creatures
  3 ogres
  An ice beast (D:5)
  Blork the orc (D:3)
  A giant frog (D:6)
  2 crimson imps (D:5)
  A goliath beetle (D:6)
  A hound (D:5)
  Crazy Yiuf (D:5)
  A scorpion (D:4)
  A centaur skeleton (D:3)
  2 giant frog skeletons
  2 iguanas
  3 worker ants
  3 orc wizards
  Ijyb (D:1)
  11 gnolls
  11 adders
  4 worms
  An iguana zombie (D:6)
  An adder zombie (D:5)
  2 oozes
  17 orcs
  2 ball pythons
  6 giant cockroaches
  3 hobgoblins
  24 jackals
  15 kobolds
  5 quokkas
  16 bats
  5 giant geckos
  13 giant newts
  12 goblins
  A jackal zombie (D:5)
  An orc skeleton (D:5)
  A quokka zombie (D:6)
  15 rats
190 creatures vanquished.

Notes
Turn   | Place    | Note
--------------------------------------------------------------
     0 | D:1      | Mitsuki, the Gargoyle Fire Elementalist, began the quest for the Orb.
     0 | D:1      | Reached XP level 1. HP: 10/10 MP: 3/3
   381 | D:1      | Gained mutation: Armour fits poorly on your strangely shaped body. [potion of mutation]
   381 | D:1      | Gained mutation: You are partially covered in rugged brown scales (AC +1, +3% HP). [potion of mutation]
   449 | D:1      | Reached skill level 1 in Fighting
   864 | D:1      | Reached XP level 2. HP: 17/17 MP: 0/4
  1120 | D:1      | Learned a level 2 spell: Throw Flame
  1627 | D:1      | Reached XP level 3. HP: 16/21 MP: 6/6
  1967 | D:2      | Noticed Ijyb
  2053 | D:2      | Found a bloodstained altar of Trog.
  2102 | D:2      | Reached XP level 4. HP: 14/26 MP: 3/7
  2336 | D:2      | Reached skill level 4 in Fire Magic
  2341 | D:2      | Learned a level 3 spell: Conjure Flame
  2647 | D:1      | Killed Ijyb
  2647 | D:1      | Reached XP level 5. HP: 28/30 MP: 9/9
  2840 | D:2      | HP: 1/30 [gnoll/flail (6)]
  3547 | D:3      | Reached XP level 6. HP: 36/36 MP: 13/13
  4466 | D:3      | Learned a level 4 spell: Sticky Flame
  4852 | D:4      | Noticed Blork the orc
  4859 | D:3      | Killed Blork the orc
  4859 | D:3      | Reached skill level 5 in Fire Magic
  4951 | D:4      | Found a staircase to the Ecumenical Temple.
  4978 | Temple   | Entered the Ecumenical Temple
  5145 | Temple   | Became a worshipper of Vehumet
  5213 | D:4      | Reached XP level 7. HP: 38/41 MP: 2/15
  5834 | D:5      | Entered Level 5 of the Dungeon
  6094 | D:5      | Acquired Vehumet's first power
  6094 | D:5      | Offered knowledge of Shock by Vehumet.
  6097 | D:5      | Learned a level 1 spell: Shock
  6232 | D:5      | Reached skill level 5 in Conjurations
  6274 | D:5      | Reached XP level 8. HP: 43/45 MP: 10/19
  6438 | D:5      | Learned a level 5 spell: Fireball
  6455 | D:5      | Reached skill level 5 in Spellcasting
  6541 | D:5      | Reached skill level 6 in Fire Magic
  6927 | D:5      | Noticed Crazy Yiuf
  6938 | D:5      | Killed Crazy Yiuf
  7532 | D:6      | Offered knowledge of Magic Dart by Vehumet.
  7541 | D:5      | Learned a level 1 spell: Magic Dart
  7640 | D:5      | Upgraded the game from 0.14-a0-1474-g1105da3 to 0.14-a0-1499-g388a102
  8039 | D:6      | HP: 2/45 [centaur/arrow (7)]
  8067 | D:5      | Slain by a centaur

Action                   |  1- 3 |  4- 6 |  7- 9 || total
-------------------------+-------+-------+-------++-------
Melee: Unarmed           |    68 |       |       ||    68
       Short sword       |    70 |    40 |       ||   110
       Dagger            |       |    42 |     5 ||    47
       Whip              |       |       |    72 ||    72
       Falchion          |       |       |     2 ||     2
 Cast: Flame Tongue      |    44 |    80 |    44 ||   168
       Conjure Flame     |       |     2 |     4 ||     6
       Throw Flame       |       |    78 |   114 ||   192
       Sticky Flame      |       |     4 |    11 ||    15
       Shock             |       |       |    20 ||    20
       Magic Dart        |       |       |    12 ||    12
       Fireball          |       |       |     7 ||     7
Evoke: Wand              |       |     1 |     1 ||     2
  Use: Potion            |     6 |     2 |       ||     8
       Scroll            |       |    11 |     6 ||    17
 Stab: Sleeping          |     1 |     1 |       ||     2
